AoeStats
← denniel

Arabia

510229467Analyzed
1v1 RM · 3d ago on Sep 30, 2026· 31m 59s· 2 players
Game mode
Random Map
Map size
Tiny (2 player)
Population
200
Speed
Normal
Resources
Standard
Victory
Conquest
Starting age
Dark Age
Ending age
Imperial Age
RankedLock teamsTeams togetherTeam positionsShared explorationLock speedFull tech treeHidden civsTurbo modeCheats
Victory
Defeat
🇹🇼 Maya · Taiwan
577
+15
🇺🇸 Bulgarians · United States
564
-15
TimeBot
11:08 Feudal Age
14:16 Double-Bit Axe
18:47 Forging
18:36 Horse Collar
20:54 Scale Mail Armor
22:32 Wheelbarrow
27:24 Castle Age
30:19 Fletching
denniel
3:29 Loom
10:38 Feudal Age
11:14 Double-Bit Axe
11:10 Horse Collar
11:17 Man-at-Arms
12:53 Wheelbarrow
21:51 Fletching
22:05 Padded Archer Armor
24:27 Castle Age
23:09 Gold Mining
26:27 Bodkin Arrow
26:48 Leather Archer Armor
25:58 Crossbowman
26:43 Thumb Ring
27:06 Bow Saw
Connection lost

Rejoining the realm…

Still unreachable

The connection could not be restored.

Session expired

The server has moved on; the page needs a fresh start.